| TOP OF THE 1ST |
|
Greensboro Grasshoppers batting - Pitching for Hagerstown Suns : LHP Mike Montgomery
|
|
Pitching: LHP Mike Montgomery
|
|
|
Batting: RHB Harrie de Kam
|
0-0: Ball 1-0: Ball 2-0: Called Strike 2-1: Foul Ball, location: 2F 2-2: Ball 3-2: Base on Balls
|
|
Batting: LHB Angelo Estrella
|
0-0: Ball 1-0: Ball 2-0: SINGLE (Line Drive, 5L, EV 98.1 MPH) Harrie de Kam to second
|
|
Batting: RHB Erik Coleman
|
0-0: Ball 1-0: Ball 2-0: Ball 3-0: Base on Balls Harrie de Kam to third Angelo Estrella to second
|
|
Batting: RHB Miguel Velasco
|
0-0: Fly out, F7 (Flyball, 78M, EV 86.2 MPH)
|
|
Batting: RHB Larry LeFever
|
0-0: Called Strike 0-1: Called Strike 0-2: Strikes out swinging
|
|
Batting: RHB Andy Kelly
|
0-0: Ball 1-0: Fielders Choice at 2nd, 6-4 (Groundball, 6, EV 83.8 MPH)
|
| Top of the 1st over - 0 runs, 1 hit, 0 errors, 3 left on base; Greensboro 0 - Hagerstown 0 |
| BOTTOM OF THE 1ST |
|
Hagerstown Suns batting - Pitching for Greensboro Grasshoppers : LHP Tyler Murders
|
|
Pitching: LHP Tyler Murders
|
|
|
Batting: RHB Antonio Morado
|
0-0: Called Strike 0-1: Ball 1-1: Called Strike 1-2: Ball 2-2: Ball 3-2: Base on Balls
|
|
Batting: LHB Evan Oliveri
|
0-0: Ball 1-0: Called Strike 1-1: Called Strike 1-2: Fielders Choice at 2nd, 3-6 (Groundball, 3, EV 83.1 MPH)
|
|
Batting: RHB Nick Moreno
|
0-0: SINGLE (Line Drive, 89M, EV 90.0 MPH) Evan Oliveri to second Runner from 2nd tries for 3rd, OUT! 8-5
|
|
Batting: RHB Jesus Malave
|
0-0: Ball 1-0: Ball 2-0: Swinging Strike 2-1: Ball 3-1: Base on Balls Nick Moreno to second
|
|
Batting: RHB John Savard
|
0-0: Called Strike 0-1: Foul Ball, location: 2F 0-2: Ball 1-2: Strikes out swinging
|
| Bottom of the 1st over - 0 runs, 1 hit, 0 errors, 2 left on base; Greensboro 0 - Hagerstown 0 |
| TOP OF THE 2ND |
|
Greensboro Grasshoppers batting - Pitching for Hagerstown Suns : LHP Mike Montgomery
|
|
Batting: RHB J.D. Vander Klok
|
0-0: Foul Ball, location: 2F 0-1: Called Strike 0-2: Fly out, F7 (Line Drive, 7LS, EV 97.5 MPH)
|
|
Batting: LHB Ryan Thompson
|
0-0: Swinging Strike 0-1: Ball 1-1: Foul Ball, location: 2F 1-2: Ball 2-2: Ground out 4-3 (Groundball, 4, EV 90.6 MPH)
|
|
Batting: RHB Jason Thrash
|
0-0: Called Strike 0-1: Fly out, F7 (Flyball, 78D, EV 98.8 MPH)
|
| Top of the 2nd over - 0 runs, 0 hits, 0 errors, 0 left on base; Greensboro 0 - Hagerstown 0 |
| BOTTOM OF THE 2ND |
|
Hagerstown Suns batting - Pitching for Greensboro Grasshoppers : LHP Tyler Murders
|
|
Batting: RHB Victor Cintron
|
0-0: Ball 1-0: Ball 2-0: Swinging Strike 2-1: Ball 3-1: SINGLE (Groundball, 56S, EV 63.8 MPH) (infield hit)
|
|
Batting: RHB Derek Moran
|
0-0: SINGLE (Line Drive, 34D, EV 104.4 MPH) Victor Cintron to second
|
|
Batting: LHB Erik Beezley
|
0-0: Ball 1-0: Called Strike 1-1: Swinging Strike 1-2: Strikes out swinging
|
|
Batting: RHB Naofumi Ishida
|
0-0: Ball 1-0: Called Strike 1-1: Foul Ball, location: 2F 1-2: Strikes out looking
|
|
Batting: RHB Antonio Morado
|
0-0: Ball 1-0: Ball 2-0: Called Strike 2-1: Ball 3-1: Fly out, F6 (Line Drive, 6D, EV 73.1 MPH)
|
| Bottom of the 2nd over - 0 runs, 2 hits, 0 errors, 2 left on base; Greensboro 0 - Hagerstown 0 |
| TOP OF THE 3RD |
|
Greensboro Grasshoppers batting - Pitching for Hagerstown Suns : LHP Mike Montgomery
|
|
Batting: RHB Harrie de Kam
|
0-0: Ball 1-0: Called Strike 1-1: Ball 2-1: Swinging Strike 2-2: Foul Ball, location: 2F 2-2: Ball 3-2: Foul Ball, location: 2F 3-2: Base on Balls
|
|
Batting: LHB Angelo Estrella
|
0-0: Ball 1-0: Called Strike 1-1: Fly out, F8 (Flyball, 78XD, EV 96.2 MPH)
|
|
Batting: RHB Erik Coleman
|
0-0: Ball 1-0: Swinging Strike 1-1: Ball 2-1: Ball 3-1: SINGLE (Flyball, 8LS, EV 95.6 MPH) Harrie de Kam to second
|
|
Batting: RHB Miguel Velasco
|
0-0: Ball 1-0: Ball 2-0: Called Strike 2-1: Foul Ball, location: 2F 2-2: Ball 3-2: Base on Balls Harrie de Kam to third Erik Coleman to second
|
|
Batting: RHB Larry LeFever
|
0-0: Ball 1-0: Swinging Strike 1-1: Foul Ball, location: 2F 1-2: Foul Ball, location: 2F 1-2: Foul Ball, location: 2F 1-2: Strikes out looking
|
|
Batting: RHB Andy Kelly
|
0-0: Swinging Strike 0-1: Ball 1-1: Ground out 4-3 (Groundball, 4, EV 104.4 MPH)
|
| Top of the 3rd over - 0 runs, 1 hit, 0 errors, 3 left on base; Greensboro 0 - Hagerstown 0 |
| BOTTOM OF THE 3RD |
|
Hagerstown Suns batting - Pitching for Greensboro Grasshoppers : LHP Tyler Murders
|
|
Batting: LHB Evan Oliveri
|
0-0: Called Strike 0-1: Ball 1-1: Foul Ball, location: 2F 1-2: SINGLE (Groundball, 56D, EV 103.8 MPH)
|
|
Batting: RHB Nick Moreno
|
0-0: Fly out, F8 (Flyball, 8RXD, EV 94.4 MPH)
|
|
Batting: RHB Jesus Malave
|
0-0: Ball 1-0: Ball 2-0: Swinging Strike 2-1: SINGLE (Groundball, 6MD, EV 96.2 MPH) Evan Oliveri to second Runner from 2nd tries for 3rd, SAFE, throw by CF made to third
|
|
Batting: RHB John Savard
|
0-0: Ball Jesus Malave is caught stealing 2nd base 2-4 1-0: SINGLE (Line Drive, 7S, EV 93.1 MPH) Evan Oliveri scores
|
|
Batting: RHB Victor Cintron
|
0-0: Ball 1-0: Ball John Savard steals 2nd base 2-0: Called Strike 2-1: Ball 3-1: Base on Balls
|
|
Batting: RHB Derek Moran
|
0-0: Ball 1-0: Called Strike 1-1: Ball 2-1: Called Strike 2-2: Ball 3-2: Base on Balls John Savard to third Victor Cintron to second
|
|
Batting: LHB Erik Beezley
|
0-0: Called Strike 0-1: Called Strike 0-2: Ball 1-2: Foul Ball, location: 2F 1-2: Ball 2-2: Fly out, F9 (Flyball, 89D, EV 96.9 MPH)
|
| Bottom of the 3rd over - 1 run, 3 hits, 0 errors, 3 left on base; Greensboro 0 - Hagerstown 1 |
| TOP OF THE 4TH |
|
Greensboro Grasshoppers batting - Pitching for Hagerstown Suns : LHP Mike Montgomery
|
|
Batting: RHB J.D. Vander Klok
|
0-0: Called Strike 0-1: Called Strike 0-2: Ball 1-2: Fly out, F8 (Flyball, 8RD, EV 95.6 MPH)
|
|
Batting: LHB Ryan Thompson
|
0-0: Called Strike 0-1: Foul Ball, location: 2F 0-2: Strikes out swinging
|
|
Batting: RHB Jason Thrash
|
0-0: Ground out 6-3 (Groundball, 56D, EV 86.9 MPH)
|
| Top of the 4th over - 0 runs, 0 hits, 0 errors, 0 left on base; Greensboro 0 - Hagerstown 1 |
| BOTTOM OF THE 4TH |
|
Hagerstown Suns batting - Pitching for Greensboro Grasshoppers : LHP Tyler Murders
|
|
Batting: RHB Naofumi Ishida
|
0-0: Ball 1-0: Ground out 4-3 (Groundball, 4M, EV 105.6 MPH)
|
|
Batting: RHB Antonio Morado
|
0-0: Ball 1-0: Foul Ball, location: 2F 1-1: Foul Ball, location: 2F 1-2: Foul Ball, location: 2F 1-2: Ball 2-2: Ball 3-2: Reached on error, E5 (Groundball, 56, EV 85.0 MPH)
|
|
Batting: LHB Evan Oliveri
|
0-0: Called Strike 0-1: Ball 1-1: Ball Antonio Morado steals 2nd base 2-1: Swinging Strike 2-2: Ball 3-2: Foul Ball, location: 2F 3-2: Strikes out looking
|
|
Batting: RHB Nick Moreno
|
0-0: Called Strike 0-1: Swinging Strike 0-2: Fly out, F9 (Flyball, 9S, EV 90.6 MPH)
|
| Bottom of the 4th over - 0 runs, 0 hits, 1 error, 1 left on base; Greensboro 0 - Hagerstown 1 |
| TOP OF THE 5TH |
|
Greensboro Grasshoppers batting - Pitching for Hagerstown Suns : LHP Mike Montgomery
|
|
Batting: RHB Harrie de Kam
|
0-0: Foul Ball, location: 2F 0-1: Ball 1-1: Foul Ball, location: 2F 1-2: Foul Ball, location: 2F 1-2: Strikes out looking
|
|
Pitching: RHP Manny Arguelles
|
|
|
Batting: LHB Angelo Estrella
|
0-0: Ground out 5-3 (Groundball, 56, EV 83.8 MPH)
|
|
Batting: RHB Erik Coleman
|
0-0: Called Strike 0-1: Swinging Strike 0-2: Ball 1-2: Ball 2-2: Ball 3-2: Ground out 4-3 (Groundball, 4, EV 91.9 MPH)
|
| Top of the 5th over - 0 runs, 0 hits, 0 errors, 0 left on base; Greensboro 0 - Hagerstown 1 |
| BOTTOM OF THE 5TH |
|
Hagerstown Suns batting - Pitching for Greensboro Grasshoppers : LHP Tyler Murders
|
|
Batting: RHB Jesus Malave
|
0-0: Called Strike 0-1: Ball 1-1: Ball 2-1: Ground out 6-3 (Groundball, 6, EV 101.9 MPH)
|
|
Batting: RHB John Savard
|
0-0: Called Strike 0-1: Fly out, F8 (Flyball, 78M, EV 85.6 MPH)
|
|
Batting: RHB Victor Cintron
|
0-0: Ball 1-0: Ball 2-0: SINGLE (Groundball, 6M, EV 90.0 MPH) (infield hit)
|
|
Batting: RHB Derek Moran
|
0-0: Ball 1-0: Ball 2-0: Called Strike 2-1: Ball 3-1: Called Strike 3-2: Strikes out swinging
|
| Bottom of the 5th over - 0 runs, 1 hit, 0 errors, 1 left on base; Greensboro 0 - Hagerstown 1 |
| TOP OF THE 6TH |
|
Greensboro Grasshoppers batting - Pitching for Hagerstown Suns : RHP Manny Arguelles
|
|
Batting: RHB Miguel Velasco
|
0-0: Called Strike 0-1: Foul Ball, location: 2F 0-2: Fly out, F8 (Flyball, 8RD, EV 101.9 MPH)
|
|
Batting: RHB Larry LeFever
|
0-0: Ground out U3 (Groundball, 34, EV 81.2 MPH)
|
|
Batting: RHB Andy Kelly
|
0-0: Foul Ball, location: 2F 0-1: Ball 1-1: Fly out, F9 (Flyball, 9, EV 84.4 MPH)
|
| Top of the 6th over - 0 runs, 0 hits, 0 errors, 0 left on base; Greensboro 0 - Hagerstown 1 |
| BOTTOM OF THE 6TH |
|
Hagerstown Suns batting - Pitching for Greensboro Grasshoppers : LHP Tyler Murders
|
|
Pitching: RHP Adam Brown
|
|
|
Batting: LHB Erik Beezley
|
0-0: Called Strike 0-1: Called Strike 0-2: Ball 1-2: Ball 2-2: Ball 3-2: SINGLE (Groundball, 34D, EV 106.2 MPH)
|
|
Batting: RHB Naofumi Ishida
|
0-0: Foul Ball, location: 2F 0-1: Called Strike 0-2: Ball 1-2: DOUBLE (Flyball, 89XD, EV 99.4 MPH) Erik Beezley to third Erik Beezley scores
|
|
Batting: RHB Antonio Morado
|
0-0: Called Strike 0-1: Ball 1-1: Ball 2-1: Ball 3-1: Foul Ball, location: 2F 3-2: Fly out, F8 (Flyball, 8RD, EV 93.1 MPH)
|
|
Batting: LHB Evan Oliveri
|
0-0: Called Strike 0-1: Ground out U3 (Groundball, 3, EV 99.4 MPH) Naofumi Ishida to third
|
|
Batting: RHB Nick Moreno
|
0-0: Ground out 6-3 (Groundball, 6, EV 84.4 MPH)
|
| Bottom of the 6th over - 1 run, 2 hits, 0 errors, 1 left on base; Greensboro 0 - Hagerstown 2 |
| TOP OF THE 7TH |
|
Greensboro Grasshoppers batting - Pitching for Hagerstown Suns : RHP Manny Arguelles
|
|
Pitching: RHP Steve Barnes
|
|
|
Batting: RHB J.D. Vander Klok
|
0-0: Ball 1-0: Called Strike 1-1: Called Strike 1-2: Ball 2-2: Ball 3-2: Strikes out swinging
|
|
Batting: LHB Ryan Thompson
|
0-0: Ball 1-0: Called Strike 1-1: Ball 2-1: Foul Ball, location: 2F 2-2: Ball 3-2: Foul Ball, location: 2F 3-2: Strikes out looking
|
|
Batting: RHB Jason Thrash
|
0-0: Called Strike 0-1: Ground out 5-3 (Groundball, 56, EV 101.2 MPH)
|
| Top of the 7th over - 0 runs, 0 hits, 0 errors, 0 left on base; Greensboro 0 - Hagerstown 2 |
| BOTTOM OF THE 7TH |
|
Hagerstown Suns batting - Pitching for Greensboro Grasshoppers : RHP Adam Brown
|
|
Batting: RHB Jesus Malave
|
0-0: Fly out, F5 (Line Drive, 5L, EV 68.1 MPH)
|
|
Batting: RHB John Savard
|
0-0: Called Strike 0-1: Swinging Strike 0-2: Ground out 6-3 (Groundball, 6S, EV 63.1 MPH)
|
|
Batting: RHB Victor Cintron
|
0-0: Called Strike 0-1: Ball 1-1: Ball 2-1: Called Strike 2-2: Ground out 4-3 (Groundball, 4, EV 110.0 MPH)
|
| Bottom of the 7th over - 0 runs, 0 hits, 0 errors, 0 left on base; Greensboro 0 - Hagerstown 2 |
| TOP OF THE 8TH |
|
Greensboro Grasshoppers batting - Pitching for Hagerstown Suns : RHP Steve Barnes
|
|
Pitching: RHP Chris Doty
|
|
|
Batting: RHB Harrie de Kam
|
0-0: Foul Ball, location: 2F 0-1: Ball 1-1: Swinging Strike 1-2: Ball 2-2: Strikes out swinging
|
|
Batting: LHB Angelo Estrella
|
0-0: Ball 1-0: Swinging Strike 1-1: Ball 2-1: Ball 3-1: Foul Ball, location: 2F 3-2: Base on Balls
|
|
Batting: RHB Erik Coleman
|
0-0: Called Strike 0-1: Ball 1-1: SINGLE (Groundball, 4MD, EV 93.8 MPH) Angelo Estrella to second
|
|
Batting: RHB Miguel Velasco
|
0-0: Ball 1-0: 3-RUN HOME RUN (Flyball, 7D, EV 95.6 MPH), Distance : 360 ft
|
|
Pitching: RHP Brent Wainwright
|
|
|
Batting: RHB Larry LeFever
|
0-0: Called Strike 0-1: Called Strike 0-2: Strikes out swinging
|
|
Batting: RHB Andy Kelly
|
0-0: Foul Ball, location: 2F 0-1: Ball 1-1: Foul Ball, location: 2F 1-2: Fly out, F8 (Flyball, 8LM, EV 78.1 MPH)
|
| Top of the 8th over - 3 runs, 2 hits, 0 errors, 0 left on base; Greensboro 3 - Hagerstown 2 |
| BOTTOM OF THE 8TH |
|
Hagerstown Suns batting - Pitching for Greensboro Grasshoppers : RHP Adam Brown
|
|
Batting: RHB Derek Moran
|
0-0: Ball 1-0: Ball 2-0: Foul Ball, location: 2F 2-1: Foul Ball, location: 2F 2-2: Ground out 4-3 (Groundball, 4, EV 103.8 MPH)
|
|
Batting: LHB Erik Beezley
|
0-0: Ball 1-0: Ball 2-0: Ball 3-0: Base on Balls
|
|
Batting: RHB Naofumi Ishida
|
0-0: SINGLE (Line Drive, 9LM, EV 103.1 MPH) Erik Beezley to second
|
|
Batting: RHB Antonio Morado
|
0-0: Foul Ball, location: 2F 0-1: Fly out, F8 (Flyball, 78M, EV 92.5 MPH)
|
|
Pitching: LHP Melvin Castro
|
|
|
Batting: LHB Evan Oliveri
|
0-0: Foul Ball, location: 2F 0-1: Ball 1-1: Swinging Strike 1-2: Foul Ball, location: 2F 1-2: Foul Ball, location: 2F 1-2: Ball 2-2: Ball 3-2: SINGLE (Groundball, 15S, EV 70.0 MPH) (infield hit) Erik Beezley to third Naofumi Ishida to second
|
|
Batting: RHB Nick Moreno
|
0-0: Called Strike 0-1: DOUBLE (Flyball, 89XD, EV 108.1 MPH) Erik Beezley scores Naofumi Ishida scores Evan Oliveri to third
|
|
Batting: RHB Jesus Malave
|
0-0: Called Strike 0-1: Ball 1-1: SINGLE (Groundball, 34D, EV 105.0 MPH) Evan Oliveri scores Nick Moreno to third Runner from 3rd tries for Home, SAFE, throw by RF to home Jesus Malave to second
|
|
Batting: RHB John Savard
|
0-0: Ground out 3-1 (Groundball, 13, EV 85.6 MPH)
|
| Bottom of the 8th over - 4 runs, 4 hits, 0 errors, 1 left on base; Greensboro 3 - Hagerstown 6 |
| TOP OF THE 9TH |
|
Greensboro Grasshoppers batting - Pitching for Hagerstown Suns : RHP Brent Wainwright
|
|
Pitching: RHP Gareth Cutts
|
|
|
Batting: RHB J.D. Vander Klok
|
0-0: Foul Ball, location: 2F 0-1: Ground out 4-3 (Groundball, 4, EV 99.4 MPH)
|
|
Batting: LHB Ryan Thompson
|
0-0: Ball 1-0: Ball 2-0: Ball 3-0: Called Strike 3-1: Ground out 6-3 (Groundball, 6, EV 82.5 MPH)
|
|
Batting: RHB Jason Thrash
|
0-0: Called Strike 0-1: Called Strike 0-2: Strikes out swinging
|
| Top of the 9th over - 0 runs, 0 hits, 0 errors, 0 left on base; Greensboro 3 - Hagerstown 6 |
|